 Dungeon Crawl Stone Soup version 0.28-a0-1087-gf3fc490d9d (webtiles) character file.

Game seed: 16028976353715727109

879 karrick the Covered (level 8, 0/48 HPs)
             Began as a Gargoyle Fighter on Nov 13, 2021.
             Was an Initiate of Okawaru.
             Slain by an orc warrior (14 damage)
             ... on level 6 of the Dungeon on Dec 11, 2021.
             The game lasted 00:16:12 (6521 turns).

karrick the Covered (Gargoyle Fighter)              Turns: 6521, Time: 00:16:12

Health: 0/48       AC: 18    Str: 19    XL:     8   Next: 4%
Magic:  8/8        EV: 10    Int: 10    God:    Okawaru [......]
Gold:   232        SH:  4    Dex: 10    Spells: 7/7 levels left

rFire   . . .      SeeInvis .   a - +0 flail
rCold   . . .      Faith    .   c - +0 buckler
rNeg    + . .      Spirit   .   b - +0 scale mail
rPois   ∞          Reflect  .   (no helmet)
rElec   +          Harm     .   m - +0 cloak
rCorr   +          Rampage  .   q - +1 pair of gloves
Will    .....                   t - +0 pair of boots
Stlth   ..........              (no amulet)
HPRegen 0.16/turn               k - ring of resist corrosion
MPRegen 0.11/turn               (no ring)

@: mighty
A: sickness immunity, AC +5, negative energy resistance 1, electricity
resistance, torment resistance 1, petrification resistance
a: Renounce Religion


You were on level 6 of the Dungeon.
You worshipped Okawaru.
Okawaru was noncommittal.
You visited 2 branches of the dungeon, and saw 7 of its levels.

You collected 232 gold pieces.

Inventory:

Hand Weapons
 a - a +0 flail (weapon)
 l - a +4 quarterstaff of chaos
 w - a +0 morningstar
Missiles
 e - a throwing net (quivered)
Armour
 b - a +0 scale mail (worn)
 c - a +0 buckler (worn)
 m - a +0 cloak (worn)
 q - a +1 pair of gloves (worn)
 t - a +0 pair of boots (worn)
 u - the +8 orange crystal plate armour {Archmagi, Int+3 Clar}
   (You found it on level 4 of the Dungeon)

   Int:       It affects your intelligence (+3).
   Clar:      It protects you against confusion.
Jewellery
 k - a ring of resist corrosion (left hand)
 o - an amulet of magic regeneration
Wands
 x - a wand of flame (12)
Scrolls
 f - 11 scrolls of identify {unknown}
 g - a scroll of noise {unknown}
 h - a scroll of enchant armour
 n - 2 scrolls of teleportation
 p - 2 scrolls of immolation {unknown}
 r - a scroll of vulnerability {unknown}
 s - a scroll of fear {unknown}
 v - a scroll of summoning {unknown}
 y - a scroll of amnesia {unknown}
Potions
 d - a potion of might
 i - a potion of ambrosia {unknown}
 j - a potion of cancellation
 z - 3 potions of flight {unknown}


   Skills:
 + Level 4.6 Fighting
 + Level 5.9 Maces & Flails
 * Level 6.3 Armour
 + Level 1.4 Dodging
 + Level 0.4 Stealth
 + Level 4.3 Shields


You had 7 spell levels left.
You didn't know any spells.
Your spell library contained the following spells:

 Spells                   Type           Power      Damage    Failure   Level
 Foxfire                  Conj/Fire      0%         2x1d4     71%         1
 Conjure Flame            Conj/Fire      0%         6-21      97%         3
 Inner Flame              Hex/Fire       0%         N/A       97%         3
 Flame Wave               Conj/Fire      0%         2d4       100%        4


Dungeon Overview and Level Annotations

Branches:
Dungeon (6/15)             Temple (1/1) D:5

Altars:
Ashenzari
Dithmenos
Elyvilon
Fedhas
Gozag
Hepliaklqana
Kikubaaqudgha
Okawaru
Qazlal
Ru
Sif Muna
Trog
Vehumet
Wu Jian
Yredelemnul
The Shining One

Shops:
D:3 *=


Innate Abilities, Weirdness & Mutations

You are immune to sickness and miasma.
Your stone body is resilient. (AC +5)
You are immune to poison.
You resist negative energy. (rN+)
You are resistant to electric shocks. (rElec)
You are resistant to unholy torment.
You are immune to petrification.


Message History

Okawaru accepts your kill.
No target in view!
z - 3 sapphire potions (gained 2)
You now have 232 gold pieces (gained 11).
Found a basalt altar of Yredelemnul.
Found an escape hatch in the floor.
There is an escape hatch in the floor here.
As you open the door, it creaks loudly!
You hear a shout!
There is an open door here.
An orc warrior is nearby!
You closely miss the orc warrior.
The orc warrior hits you with a +0 scimitar!
You closely miss the orc warrior. The orc warrior barely misses you.
You hit the orc warrior.
The orc warrior is lightly wounded.
The orc warrior closely misses you.
You closely miss the orc warrior.
The orc warrior is lightly wounded.
The orc warrior barely misses you.
The orc warrior hits you with a +0 scimitar!
You are too injured to fight recklessly!
You feel very mighty all of a sudden.
You hit the orc warrior.
The orc warrior is moderately wounded.
The orc warrior hits you but does no damage.
The orc warrior closely misses you.
Your scale mail prevents you from hitting the orc warrior.
The orc warrior is moderately wounded.
The orc warrior barely misses you.
You hit the orc warrior.
The orc warrior is heavily wounded.
You block the orc warrior's attack.
You closely miss the orc warrior.
The orc warrior is heavily wounded.
The orc warrior hits you with a +0 scimitar!
* * * LOW HITPOINT WARNING * * *
You closely miss the orc warrior.
The orc warrior is heavily wounded.
The orc warrior hits you with a +0 scimitar!
You die...

....).+ ####..#
#...#
......###.....#
#.o.#
...<..##..P.P.#
#...#
......##..._..#
#...#
########..P.P.#
#...#
#...........#
#'#
#.###########
#.# #.#
##########.#
#.#
#.@o.......#
#.#
#.##########
#.# #.# #.# #.#
#.# #.#
#.###########.#
#......>......#
###############


You could see an orc warrior.

Vanquished Creatures
  A water moccasin (D:5)
  An ogre (D:4)
  A scorpion (D:2)
  A bullfrog zombie (D:5)
  4 hounds
  A jelly (D:4)
  Crazy Yiuf (D:2)
  3 orc priests
  Jessica (D:2)
  4 orc wizards
  8 adders
  2 gnolls (D:1)
  A dart slug (D:3)
  2 worms
  19 orcs
  11 ball pythons
  8 endoplasms
  4 giant cockroaches
  8 goblins
  4 hobgoblins
  2 jackals (D:2)
  2 quokkas
  4 bats
  5 frilled lizards
  6 kobolds
  10 rats
114 creatures vanquished.

Notes
Turn   | Place    | Note
-------+----------+-------------------------------------------
     0 | D:1      | karrick the Gargoyle Fighter began the quest for the Orb.
     0 | D:1      | Reached XP level 1. HP: 14/14 MP: 1/1
   360 | D:1      | Reached XP level 2. HP: 19/19 MP: 2/2
   693 | D:1      | Reached XP level 3. HP: 22/23 MP: 3/3
   920 | D:1      | Found a faded altar of an unknown god.
  1187 | D:2      | Noticed Jessica
  1197 | D:2      | Killed Jessica
  1198 | D:2      | Reached skill level 4 in Armour
  1198 | D:2      | Reached XP level 4. HP: 29/29 MP: 4/4
  1205 | D:2      | Upgraded the game from 0.28-a0-850-g09de17f5b5 to
                  | 0.28-a0-1087-gf3fc490d9d
  1641 | D:2      | Noticed a scorpion
  1652 | D:2      | Killed a scorpion
  1653 | D:2      | Reached XP level 5. HP: 17/33 MP: 5/5
  1964 | D:2      | Found a runed translucent door.
  1965 | D:2      | Noticed Crazy Yiuf
  2093 | D:2      | Killed Crazy Yiuf
  2394 | D:3      | Found Dahuit's General Store.
  2400 | D:3      | Reached skill level 5 in Armour
  2675 | D:3      | Reached XP level 6. HP: 19/38 MP: 6/6
  3160 | D:3      | Found Ackiliymoc's Jewellery Emporium.
  3660 | D:4      | Reached skill level 1 in Dodging
  3761 | D:4      | Reached XP level 7. HP: 41/43 MP: 7/7
  3773 | D:4      | Found the +8 orange crystal plate armour {Archmagi, Int+3
                  | Clar}
  4244 | D:3      | Reached skill level 5 in Maces & Flails
  4838 | D:5      | Entered Level 5 of the Dungeon
  5281 | D:5      | HP: 1/44 [orc warrior (6)]
  5673 | D:5      | Found a staircase to the Ecumenical Temple.
  5806 | Temple   | Entered the Ecumenical Temple
  5912 | Temple   | Became a worshipper of Warmaster Okawaru
  5979 | D:5      | Reached skill level 6 in Armour
  6084 | D:5      | Reached XP level 8. HP: 45/48 MP: 8/8
  6440 | D:6      | Found a basalt altar of Yredelemnul.
  6521 | D:6      | Slain by an orc warrior

Illustrated notes

Levels and vault maps discovered:
D:1:      sevenhm_arrival_forest_fort_large_4, layout_rooms,
          ebering_ecumenical_altar_rust
D:2:      layout_loops_cross, uniq_crazy_yiuf_cottage, uniq_jessica
D:3:      layout_loops_ring, serial_shops, nicolae_shop_advertising_works
          [nicolae_subvault_shop_adworks], nicolae_shop_window_shopping,
          grunt_ministairs_1, minmay_misc_feat_rows
D:4:      layout_loops_ring
D:5:      layout_loops_ring, minmay_temple_entry_nine_rooms
D:6:      minmay_cornered_nines, layout_basic, mainiacjoe_overflow_alcove_1,
          yredelemnul_altar_generic, minivault_27
Temple:   regret_index_temple_waves

Skill      XL: |  1  2  3  4  5  6  7 |
---------------+----------------------+-----
Armour         | 4 5 6 |  6.3
Maces & Flails | 3 4 5 |  5.9
Shields        | 4 |  4.3
Fighting       | 4 |  4.6
Dodging        | 1 |  1.4
Stealth        | |  0.4

Action                   |  1- 3 |  4- 6 |  7- 9 || total
-------------------------+-------+-------+-------++-------
Melee: Flail             |    63 |   221 |   168 ||   452
  Use: Potion            |       |     1 |     4 ||     5
       Scroll            |       |       |     2 ||     2
Armor: Scale mail        |    28 |    96 |    83 ||   207
Dodge: Dodged            |    33 |    99 |    65 ||   197
Block: Buckler           |    19 |    37 |    24 ||    80

Table legend: (Time is in decaauts)
 A = Elapsed time spent in this place.
 B = Non-inter-level travel time spent in this place.
 C = Inter-level travel time spent in this place.
 D = Time resting spent in this place.
 E = Time spent auto-exploring this place.
 F = Levels seen in this place.
 G = Mean time per level.
                   A        B        C        D        E       F      G
               +--------+--------+--------+--------+--------+-----+--------+
         Total |   6607 |   6279 |    328 |    531 |   4644 |   7 |  943.9 |
       Dungeon |   6478 |   6180 |    298 |    531 |   4560 |   6 | 1079.7 |
        Temple |    128 |     98 |     30 |      0 |     83 |   1 |  128.0 |
               +--------+--------+--------+--------+--------+-----+--------+

Top non-repeatable levels by time:
     D:3: 1545 daAuts
     D:4: 1203 daAuts
     D:5: 1203 daAuts
     D:1: 1189 daAuts
     D:2: 1155 daAuts
     D:6: 181 daAuts
  Temple: 128 daAuts
